AoeStats
← Whysky 6

Arabia

503657461Analyzed
3v3 RM · 1mo ago on Sep 1, 2026· 53m 10s· 6 players
Game mode
Random Map
Map size
Normal (6 player)
Population
200
Speed
Normal
Resources
Standard
Victory
Conquest
Starting age
Dark Age
Ending age
Imperial Age
RankedLock teamsTeams togetherTeam positionsShared explorationLock speedFull tech treeHidden civsTurbo modeCheats
Victory
Defeat
🇩🇪 Saracens · Germany
1065
+14
🇩🇪 Hindustanis · Germany
1051
+15
🇩🇪 Ethiopians · Germany
1008
+17
🇦🇹 Mongols · Austria
1057
-17
🇦🇷 Huns · Argentina
1026
-15
🇰🇿 Ethiopians · Kazakhstan
1001
-14
PsychoKiller
1:00 Loom
10:22 Feudal Age
13:41 Double-Bit Axe
15:50 Scale Barding Armor
17:40 Fletching
19:02 Wheelbarrow
22:44 Castle Age
21:50 Padded Archer Armor
23:24 Bodkin Arrow
24:04 Husbandry
26:10 Leather Archer Armor
29:28 Bloodlines
29:58 Bow Saw
32:45 Hand Cart
33:11 Pikeman
33:57 Gold Mining
38:48 Imperial Age
37:24 Gold Shaft Mining
37:10 Forging
39:01 Cavalier
41:10 Chain Barding Armor
[AUT] Sniper
9:55 Feudal Age
14:44 Loom
23:41 Castle Age
22:34 Stone Mining
22:57 Double-Bit Axe
30:37 Fletching
30:48 Padded Archer Armor
32:09 Bow Saw
33:52 Leather Archer Armor
38:33 Bodkin Arrow
39:42 Wheelbarrow
42:29 Bloodlines
42:20 Husbandry
43:00 Gold Mining
44:17 Forging
47:57 Imperial Age
45:25 Elite Skirmisher
Дошик)
7:37 Loom
10:23 Feudal Age
10:46 Horse Collar
10:53 Double-Bit Axe
15:22 Wheelbarrow
20:05 Castle Age
20:50 Husbandry
21:04 Forging
21:34 Bow Saw
21:26 Heavy Plow
23:32 Fletching
23:54 Gold Mining
25:21 Thumb Ring
26:25 Bodkin Arrow
27:28 Padded Archer Armor
27:08 Crossbowman
30:28 Hand Cart
29:58 Town Watch
31:53 Town Patrol
32:39 Iron Casting
32:20 Leather Archer Armor
32:12 Light Cavalry
34:22 Ballistics
33:57 Murder Holes
33:55 Heated Shot
38:48 Imperial Age
39:36 Onager
41:49 Gold Shaft Mining
41:05 Stone Mining
42:43 Arbalester
45:25 Stone Shaft Mining
46:35 Blast Furnace
45:37 Bracer
46:08 Ring Archer Armor
46:42 Chemistry
49:22 Conscription
51:56 Hussar
jj89
6:44 Loom
9:16 Feudal Age
9:42 Man-at-Arms
13:58 Double-Bit Axe
17:43 Horse Collar
21:39 Castle Age
20:17 Fletching
20:46 Padded Archer Armor
21:45 Crossbowman
22:25 Bodkin Arrow
25:30 Leather Archer Armor
25:58 Wheelbarrow
25:34 Town Watch
27:38 Ballistics
28:29 Hand Cart
31:41 Scale Mail Armor
31:49 Thumb Ring
33:05 Squires
39:10 Imperial Age
36:56 Chain Mail Armor
38:02 Forging
38:44 Bow Saw
38:41 Heavy Plow
39:58 Bracer
40:07 Arbalester
43:04 Chemistry
44:35 Two-Man Saw
46:27 Ring Archer Armor
46:35 Iron Casting
Valt
10:36 Feudal Age
9:06 Loom
12:40 Double-Bit Axe
12:37 Horse Collar
23:06 Castle Age
21:47 Forging
23:05 Fletching
23:34 Crossbowman
24:51 Gold Mining
25:28 Husbandry
26:09 Padded Archer Armor
27:14 Bodkin Arrow
27:47 Leather Archer Armor
27:35 Scale Mail Armor
28:58 Ballistics
29:19 Leather Archer Armor
31:07 Wheelbarrow
30:07 Elite Skirmisher
31:42 Scale Barding Armor
34:09 Thumb Ring
33:29 Pikeman
36:10 Bloodlines
40:04 Chain Barding Armor
41:20 Bow Saw
41:14 Heavy Plow
45:30 Imperial Age
44:04 Hand Cart
44:41 Iron Casting
45:18 Chain Mail Armor
45:46 Masonry
46:48 Plate Mail Armor
46:57 Plate Barding Armor
47:13 Conscription
47:21 Siege Engineers
48:21 Chemistry
48:52 Arbalester
49:37 Bracer
49:47 Elite Mameluke
51:25 Siege Engineers
53:07 Blast Furnace
Whysky 6
10:57 Feudal Age
12:13 Double-Bit Axe
23:07 Castle Age
21:05 Horse Collar
21:54 Stone Mining
22:02 Gold Mining
23:20 Bloodlines
23:09 Pikeman
23:50 Squires
25:43 Heavy Plow
28:28 Husbandry
31:10 Wheelbarrow
32:49 Forging
32:46 Scale Barding Armor
35:43 Hand Cart
35:35 Grand Trunk Road
40:49 Imperial Age
39:06 Caravan
40:28 Iron Casting
42:37 Blast Furnace
42:58 Conscription
44:21 Ballistics
45:02 Chemistry
45:36 Shatagni
45:34 Heavy Camel Rider
47:19 Chain Barding Armor
Connection lost

Rejoining the realm…

Still unreachable

The connection could not be restored.

Session expired

The server has moved on; the page needs a fresh start.